[ AOE2 MATCH · #505439858 ]
UnrankedMaya vs Bengalis
Player's team · WIN
Rival team · LOSS
[ REPLAY ANALYSIS · EXTRACTED FROM THE RECORDED GAME ]
Feudal
8:55
Castle
25:19
Imperial
—
| APM avg | 60.2 |
| APM peak | 89 |
| eAPM avg | 29.5 |
| Villagers / military | 61 / 20 |
Focus
⚔️ 44.1% · 🌾 55.9%
Archer ×17 · Militia ×3
Feudal
11:47
Castle
17:12
Imperial
—
| APM avg | 48.6 |
| APM peak | 137 |
| eAPM avg | 27.3 |
| Villagers / military | 33 / 9 |
Focus
⚔️ 29.6% · 🌾 70.4%
Ratha (Ranged) ×9
Match map
Initial resources + every placement click. Lines = walls · curves = elevation contours. ◆ gold · ⬟ stone · ● berries · ✦ relic · ◌ wall gap
Your base· Open — unwalled flank
JeanLuc Petard's base· Open — unwalled flank
Smoothed initial terrain · ◌ = detected wall gap · hover for details
Inputs per minute
— lame dog - - JeanLuc Petard
Build order — lame dog
First 150 of 158 actions detected
| 0:02 | Research | Loom |
| 0:03 | Build | House |
| 0:04 | Build | House |
| 0:10 | Queue | Villager (Male) |
| 0:10 | Queue | Villager (Male) |
| 0:12 | Queue | Villager (Male) |
| 0:12 | Queue | Villager (Male) |
| 1:29 | Queue | Villager (Male) |
| 1:29 | Queue | Villager (Male) |
| 1:45 | Build | Lumber Camp |
| 2:07 | Queue | Villager (Male) |
| 2:32 | Queue | Villager (Male) |
| 2:32 | Queue | Villager (Male) |
| 2:45 | Queue | Villager (Male) |
| 2:45 | Queue | Villager (Male) |
| 3:06 | Queue | Villager (Male) |
| 3:06 | Queue | Villager (Male) |
| 3:20 | Queue | Villager (Male) |
| 3:20 | Queue | Villager (Male) |
| 3:39 | Queue | Villager (Male) |
| 3:40 | Queue | Villager (Male) |
| 3:53 | Build | House |
| 3:59 | Build | Palisade Wall |
| 4:03 | Queue | Villager (Male) |
| 4:32 | Queue | Villager (Male) |
| 4:55 | Build | Barracks |
| 4:57 | Queue | Villager (Male) |
| 5:09 | Queue | Villager (Male) |
| 5:09 | Queue | Villager (Male) |
| 5:22 | Build | House |
| 6:45 | Research | Feudal Age |
| 6:45 | Research | Feudal Age |
| 6:56 | Build | Mining Camp |
| 7:15 | Queue | Militia |
| 7:32 | Queue | Militia |
| 7:54 | Queue | Militia |
| 8:34 | Queue | Villager (Male) |
| 8:55 | Age | Feudal Age |
| 9:04 | Build | Watch Tower |
| 9:06 | Research | Man-at-Arms (upgrade) |
| 9:22 | Build | Watch Tower |
| 9:24 | Build | Archery Range |
| 9:41 | Build | House |
| 9:42 | Queue | Villager (Male) |
| 9:42 | Queue | Villager (Male) |
| 9:53 | Queue | Villager (Male) |
| 10:12 | Build | Mining Camp |
| 10:19 | Queue | Archer |
| 10:32 | Queue | Archer |
| 10:35 | Queue | Villager (Male) |
| 10:52 | Build | House |
| 10:54 | Queue | Villager (Male) |
| 11:06 | Queue | Archer |
| 11:29 | Queue | Villager (Male) |
| 11:32 | Queue | Archer |
| 11:50 | Queue | Villager (Male) |
| 12:13 | Build | Mill |
| 12:14 | Queue | Villager (Male) |
| 12:19 | Build | House |
| 12:40 | Queue | Villager (Male) |
| 12:40 | Queue | Villager (Male) |
| 12:59 | Build | Watch Tower |
| 13:09 | Build | Palisade Gate |
| 13:12 | Build | Palisade Wall |
| 13:14 | Build | Palisade Wall |
| 13:19 | Queue | Villager (Male) |
| 13:31 | Build | Palisade Wall |
| 13:39 | Build | Farm |
| 13:46 | Queue | Villager (Male) |
| 13:58 | Build | Farm |
| 14:17 | Build | Farm |
| 14:18 | Queue | Villager (Male) |
| 14:18 | Queue | Villager (Male) |
| 14:23 | Build | House |
| 14:29 | Build | Watch Tower |
| 14:49 | Build | House |
| 14:53 | Queue | Villager (Male) |
| 14:54 | Build | Farm |
| 14:59 | Queue | Archer |
| 15:08 | Build | House |
| 15:08 | Queue | Villager (Male) |
| 15:31 | Build | Outpost |
| 15:42 | Queue | Villager (Male) |
| 15:49 | Queue | Villager (Male) |
| 15:52 | Build | Farm |
| 15:54 | Build | Farm |
| 16:06 | Build | House |
| 16:11 | Queue | Villager (Male) |
| 16:22 | Research | Double-Bit Axe |
| 16:33 | Queue | Archer |
| 16:45 | Queue | Villager (Male) |
| 16:46 | Build | House |
| 17:02 | Queue | Villager (Male) |
| 17:05 | Queue | Villager (Male) |
| 17:26 | Queue | Archer |
| 17:27 | Build | House |
| 17:36 | Build | Watch Tower |
| 17:46 | Queue | Villager (Male) |
| 17:55 | Build | Watch Tower |
| 18:06 | Build | Palisade Wall |
| 18:07 | Build | Palisade Wall |
| 18:08 | Build | Palisade Wall |
| 18:08 | Build | Palisade Wall |
| 18:17 | Build | Palisade Wall |
| 18:20 | Build | Palisade Wall |
| 18:26 | Queue | Villager (Male) |
| 18:28 | Build | Blacksmith |
| 18:44 | Build | Palisade Wall |
| 18:51 | Queue | Villager (Male) |
| 19:02 | Build | Palisade Wall |
| 19:05 | Queue | Villager (Male) |
| 19:14 | Queue | Archer |
| 19:20 | Research | Fletching |
| 19:21 | Queue | Villager (Male) |
| 19:24 | Build | Watch Tower |
| 19:37 | Build | Farm |
| 19:38 | Build | Farm |
| 19:41 | Queue | Villager (Male) |
| 19:46 | Build | Farm |
| 20:14 | Build | Farm |
| 20:30 | Build | Archery Range |
| 20:31 | Queue | Villager (Male) |
| 20:57 | Queue | Villager (Male) |
| 21:12 | Queue | Villager (Male) |
| 21:15 | Build | Lumber Camp |
| 21:36 | Queue | Villager (Male) |
| 21:44 | Build | Lumber Camp |
| 21:48 | Build | Market |
| 21:49 | Queue | Villager (Male) |
| 21:54 | Build | Watch Tower |
| 22:10 | Build | Watch Tower |
| 22:12 | Queue | Villager (Male) |
| 22:32 | Build | Lumber Camp |
| 22:38 | Research | Castle Age |
| 22:38 | Research | Castle Age |
| 22:51 | Build | Archery Range |
| 22:53 | Queue | Archer |
| 22:54 | Queue | Villager (Male) |
| 23:09 | Queue | Archer |
| 23:16 | Queue | Villager (Male) |
| 23:21 | Queue | Archer |
| 23:23 | Build | House |
| 23:25 | Build | House |
| 23:35 | Queue | Archer |
| 23:41 | Build | Watch Tower |
| 23:48 | Queue | Archer |
| 24:03 | Queue | Archer |
| 24:06 | Queue | Villager (Male) |
| 24:38 | Queue | Villager (Male) |
| 24:59 | Build | Farm |
Build order — JeanLuc Petard
89 actions detected in the replay
| 0:01 | Queue | Villager (Male) |
| 0:01 | Queue | Villager (Male) |
| 0:01 | Queue | Villager (Male) |
| 0:02 | Queue | Villager (Male) |
| 0:02 | Build | House |
| 0:04 | Build | House |
| 1:33 | Queue | Villager (Male) |
| 1:33 | Queue | Villager (Male) |
| 2:09 | Queue | Villager (Male) |
| 2:09 | Queue | Villager (Male) |
| 2:22 | Build | Lumber Camp |
| 2:26 | Build | Lumber Camp |
| 2:35 | Queue | Villager (Male) |
| 2:35 | Queue | Villager (Male) |
| 2:41 | Build | House |
| 2:45 | Build | House |
| 2:52 | Queue | Villager (Male) |
| 2:52 | Queue | Villager (Male) |
| 3:10 | Queue | Villager (Male) |
| 3:10 | Queue | Villager (Male) |
| 3:46 | Queue | Villager (Male) |
| 3:46 | Queue | Villager (Male) |
| 3:47 | Queue | Villager (Male) |
| 4:02 | Build | Palisade Wall |
| 4:52 | Queue | Villager (Male) |
| 4:53 | Queue | Villager (Male) |
| 4:53 | Queue | Villager (Male) |
| 4:53 | Queue | Villager (Male) |
| 5:30 | Build | Mill |
| 5:47 | Queue | Villager (Male) |
| 5:47 | Queue | Villager (Male) |
| 6:22 | Queue | Villager (Male) |
| 6:22 | Queue | Villager (Male) |
| 6:22 | Queue | Villager (Male) |
| 6:23 | Queue | Villager (Male) |
| 6:23 | Queue | Villager (Male) |
| 6:38 | Build | Palisade Wall |
| 7:04 | Build | Mining Camp |
| 7:29 | Queue | Villager (Male) |
| 7:43 | Research | Loom |
| 8:07 | Build | House |
| 8:16 | Queue | Villager (Male) |
| 8:25 | Build | Palisade Wall |
| 8:26 | Build | Palisade Wall |
| 8:30 | Queue | Villager (Male) |
| 8:39 | Build | Palisade Wall |
| 8:41 | Build | Palisade Wall |
| 8:48 | Build | Palisade Wall |
| 9:06 | Build | Palisade Wall |
| 9:08 | Build | Palisade Wall |
| 9:12 | Build | Palisade Wall |
| 9:18 | Build | Palisade Wall |
| 9:33 | Build | Palisade Wall |
| 9:37 | Research | Feudal Age |
| 9:53 | Build | Palisade Wall |
| 9:59 | Build | Palisade Wall |
| 10:22 | Build | Palisade Wall |
| 10:48 | Build | House |
| 11:47 | Age | Feudal Age |
| 11:50 | Build | Stone Wall |
| 11:59 | Build | Stone Wall |
| 12:21 | Build | Watch Tower |
| 13:05 | Build | Market |
| 13:42 | Build | Blacksmith |
| 14:32 | Research | Castle Age |
| 17:12 | Age | Castle Age |
| 17:19 | Build | Castle |
| 17:46 | Build | Farm |
| 18:22 | Queue | Ratha (Ranged) |
| 18:22 | Queue | Ratha (Ranged) |
| 19:13 | Queue | Ratha (Ranged) |
| 19:13 | Queue | Ratha (Ranged) |
| 19:19 | Research | Fletching |
| 20:12 | Queue | Ratha (Ranged) |
| 20:13 | Queue | Ratha (Ranged) |
| 20:42 | Build | Mining Camp |
| 21:24 | Queue | Ratha (Ranged) |
| 21:25 | Queue | Ratha (Ranged) |
| 21:25 | Queue | Ratha (Ranged) |
| 23:36 | Build | Farm |
| 23:37 | Build | Farm |
| 24:43 | Build | Farm |
| 24:44 | Build | Farm |
| 24:44 | Build | Farm |
| 24:44 | Build | Farm |
| 24:44 | Build | Farm |
| 25:01 | Queue | Villager (Male) |
| 25:02 | Queue | Villager (Male) |
| 25:26 | Build | Lumber Camp |
Match timeline
| 3:59 | lame dog · wall_segment Palisade Wall x1 |
| 4:02 | JeanLuc Petard · wall_segment Palisade Wall x3 |
| 4:55 | lame dog · first_building Barracks |
| 6:38 | JeanLuc Petard · wall_segment Palisade Wall x8 |
| 8:25 | JeanLuc Petard · wall_segment Palisade Wall x1 |
| 8:26 | JeanLuc Petard · wall_segment Palisade Wall x1 |
| 8:39 | JeanLuc Petard · wall_segment Palisade Wall x1 |
| 8:41 | JeanLuc Petard · wall_segment Palisade Wall x1 |
| 8:48 | JeanLuc Petard · wall_segment Palisade Wall x3 |
| 8:55 | lame dog · age_up feudal |
| 9:06 | JeanLuc Petard · wall_segment Palisade Wall x1 |
| 9:08 | JeanLuc Petard · wall_segment Palisade Wall x1 |
| 9:12 | JeanLuc Petard · wall_segment Palisade Wall x1 |
| 9:18 | JeanLuc Petard · wall_segment Palisade Wall x1 |
| 9:24 | lame dog · first_building Archery Range |
| 9:33 | JeanLuc Petard · wall_segment Palisade Wall x1 |
| 9:53 | JeanLuc Petard · wall_segment Palisade Wall x1 |
| 9:59 | JeanLuc Petard · wall_segment Palisade Wall x1 |
| 10:22 | JeanLuc Petard · wall_segment Palisade Wall x1 |
| 11:47 | JeanLuc Petard · age_up feudal |
| 11:50 | JeanLuc Petard · wall_segment Stone Wall x5 |
| 11:59 | JeanLuc Petard · wall_segment Stone Wall x4 |
| 13:12 | lame dog · wall_segment Palisade Wall x1 |
| 13:14 | lame dog · wall_segment Palisade Wall x1 |
| 13:31 | lame dog · wall_segment Palisade Wall x1 |
| 14:19 | JeanLuc Petard · first_market_sell 100 food |
| 16:10 | JeanLuc Petard · first_market_buy 100 stone |
| 17:12 | JeanLuc Petard · age_up castle |
| 17:19 | JeanLuc Petard · first_building Castle |
| 18:06 | lame dog · wall_segment Palisade Wall x1 |
| 18:07 | lame dog · wall_segment Palisade Wall x1 |
| 18:08 | lame dog · wall_segment Palisade Wall x1 |
| 18:08 | lame dog · wall_segment Palisade Wall x1 |
| 18:17 | lame dog · wall_segment Palisade Wall x1 |
| 18:20 | lame dog · wall_segment Palisade Wall x3 |
| 18:44 | lame dog · wall_segment Palisade Wall x1 |
| 19:02 | lame dog · wall_segment Palisade Wall x1 |
| 22:36 | lame dog · first_market_sell 100 wood |
| 22:36 | lame dog · first_market_buy 100 food |
| 25:19 | lame dog · age_up castle |
| 25:35 | JeanLuc Petard · resign |
[ AI ANALYSIS · 1 CREDIT ]
What really happened in this match?
Wolo.gg analyzes every decision: build order, eco, micro, common mistakes by bracket. Personalized analysis on WhatsApp or Discord in 30 seconds.
Civ guide
Maya
Perfil
Jugador #24924483